 Dungeon Crawl Stone Soup version 0.18.1-5-g4a78601 (webtiles) character file.

413 dracos369 the Spear-Bearer (level 6, 0/44 HPs)
             Began as a Merfolk Skald on May 13, 2016.
             Slain by an orc
             ... wielding a +0 mace
              (5 damage)
             ... while paralysed by Grinder
             ... on level 3 of the Dungeon.
             The game lasted 00:13:55 (4304 turns).

dracos369 the Spear-Bearer (Merfolk Skald)          Turns: 4304, Time: 00:13:55

Health: 0/44       AC:  4    Str: 13    XL:     6   Next: 91%
Magic:  9/9        EV:  2    Int: 11    God:
Gold:   170        SH:  0    Dex: 15    Spells: 4 memorised, 1 level left

rFire  . . .     SeeInvis .     a - +0 spear
rCold  . . .     Gourm    .     b - +0 leather armour
rNeg   . . .     Faith    .     (no shield)
rPois  .         Spirit   .     r - +0 helmet
rElec  .         Dismiss  .     (no cloak)
rCorr  .         Reflect  .     (no gloves)
SustAt .         Harm     .     (no boots)
MR     .....                    e - amulet of rage
Stlth  +.........               (no ring)
                                (no ring)

@: paralysed, not resistant to hostile enchantments, very unstealthy
A: change form in water, swift swim
a: Evoke Berserk Rage


You were on level 3 of the Dungeon.
You were not hungry.

You visited 1 branch of the dungeon, and saw 3 of its levels.
You also visited: Sewer.

You collected 170 gold pieces.

Inventory:

Hand Weapons
 a - a +0 spear (weapon)
 j - a +0 blowgun
Missiles
 m - 23 poisoned needles
Armour
 b - a +0 leather armour (worn)
 r - a +0 helmet (worn)
Jewellery
 e - an amulet of rage (around neck)
Scrolls
 f - a scroll of random uselessness {unknown}
 g - 3 scrolls of teleportation
 i - a scroll of magic mapping {unknown}
 l - 2 scrolls of identify
 q - 2 scrolls of enchant armour {unknown}
 x - 2 scrolls of remove curse {unknown}
Potions
 h - a potion of cancellation {unknown}
 k - a potion of cure mutation
 n - 4 potions of might {unknown}
 o - a potion of degeneration {unknown}
 p - a potion of magic {unknown}
 s - 3 potions of brilliance {unknown}
 t - 3 potions of heal wounds {unknown}
 u - a potion of flight {unknown}
 w - 3 potions of curing
Books
 c - a book of Battle

   Spells                             Type                      Level
   a - Infusion                       Charms                       1
   b - Shroud of Golubria             Charms/Translocation         2
   c - Song of Slaying                Charms                       2
   d - Spectral Weapon                Hexes/Charms                 3
   e - Regeneration                   Charms/Necromancy            3
Comestibles
 d - 5 bread rations
 v - 7 chunks of flesh


   Skills:
 - Level 2.1 Fighting
 * Level 8.4 Polearms
 - Level 0.6 Armour
 - Level 1.3 Dodging
 - Level 2.0 Spellcasting
 + Level 2.4 Hexes
 + Level 4.6 Charms


You had one spell level left.
You knew the following spells:

 Your Spells              Type           Power        Failure   Level  Hunger
a - Infusion              Chrm           ##..         8%          1    ##.....
b - Song of Slaying       Chrm           ##......     10%         2    ###....
c - Spectral Weapon       Hex/Chrm       #.......     28%         3    ####...
g - Shroud of Golubria    Chrm/Tloc      #.........   24%         2    ###....


Dungeon Overview and Level Annotations

Branches:
Dungeon (3/15)

Altars:
Fedhas
Kikubaaqudgha
Nemelex Xobeh
Okawaru
Ru

Annotations:
D:3 Grinder


Message History

The orc hits you with a mace.
* * * LOW HITPOINT WARNING * * *
The jackal bites you.
* * * LOW HITPOINT WARNING * * *
The jackal bites you but does no damage. x2
The orc hits you but does no damage. The jackal bites you.
* * * LOW HITPOINT WARNING * * *
The jackal bites you but does no damage.
Grinder blinks!
The orc hits you with a mace.
* * * LOW HITPOINT WARNING * * *
The jackal bites you.
* * * LOW HITPOINT WARNING * * *
The jackal bites you but does no damage.
The jackal bites you but does no damage.
Grinder gestures at you.
You barely resist.
The jackal bites you but does no damage.
The orc hits you with a mace.
You die...

#..# #.# #.. ####### #..#
#.# #...
#......###..#####.####....
.........................#
♣...#.####...............#
.♣....#..................#
♣.♣...#.##.#.#.#....#....
.♣.♣..#.##.#.#.#.o..#.#..
_.♣.♣..........5@hS.......#
.♣.♣..#.##.#.#...h..#.#.#..
♣.♣.....##.#.#..........
.♣....#.##.#..............
♣...#.#.##.###>#.#..#####.#
.......... ......... .
.#...##.## #######.##
.#.#.# .# .# .#..... .


You could see Grinder, an adder, an orc and 2 jackals.

Vanquished Creatures
  2 big kobolds (Sewer)
  11 adders
  6 river rats
  An ooze (D:2)
  2 worms
  3 giant geckos
  4 giant cockroaches (D:3)
  10 goblins
  7 hobgoblins
  8 jackals (D:3)
  24 kobolds
  9 ball pythons
  8 bats
  4 giant newts
  25 rats
124 creatures vanquished.

Vanquished Creatures (others)
  2 fungi (D:3)
2 creatures vanquished.

Grand Total: 126 creatures vanquished

Notes
Turn   | Place    | Note
--------------------------------------------------------------
     0 | D:1      | dracos369 the Merfolk Skald began the quest for the Orb.
     0 | D:1      | Reached XP level 1. HP: 16/16 MP: 3/3
    90 | D:1      | Reached skill level 4 in Polearms
    90 | D:1      | Reached XP level 2. HP: 22/22 MP: 5/5
   560 | D:1      | Learned a level 2 spell: Shroud of Golubria
   751 | D:1      | Reached XP level 3. HP: 27/27 MP: 6/6
   755 | D:1      | Reached skill level 5 in Polearms
  1349 | D:2      | Learned a level 3 spell: Spectral Weapon
  1395 | D:2      | Reached skill level 6 in Polearms
  1395 | D:2      | Reached XP level 4. HP: 29/33 MP: 7/7
  1594 | D:2      | Found a sacrificial altar of Ru.
  1596 | D:2      | Found an ancient bone altar of Kikubaaqudgha.
  1596 | D:2      | Found a sparkling altar of Nemelex Xobeh.
  1797 | D:3      | Found a blossoming altar of Fedhas.
  1806 | D:3      | Reached skill level 1 in Hexes
  2045 | D:3      | Reached XP level 5. HP: 19/38 MP: 5/8
  2084 | D:3      | Found a glowing drain.
  2215 | Sewer    | Entered a sewer
  2595 | Sewer    | Reached skill level 7 in Polearms
  3199 | Sewer    | Noticed a big kobold
  3251 | Sewer    | Killed a big kobold
  3251 | Sewer    | Reached XP level 6. HP: 44/44 MP: 9/9
  3385 | Sewer    | Reached skill level 8 in Polearms
  4144 | D:3      | Learned a level 2 spell: Song of Slaying
  4231 | D:3      | Found an iron altar of Okawaru.
  4289 | D:3      | Noticed Grinder
  4299 | D:3      | Paralysed by Grinder for 7 turns
  4304 | D:3      | Slain by an orc

Skill      XL: |  1  2  3  4  5  6 |
---------------+-------------------+-----
Polearms       | 4 6 7 8 |  8.4
Hexes          | 1 2 |  2.4
Charms         | 4 |  4.6
Fighting       | |  2.1
Armour         | |  0.6
Dodging        | |  1.3
Spellcasting   | |  2.0

Action                   |  1- 3 |  4- 6 || total
-------------------------+-------+-------++-------
Melee: Spear             |   122 |   442 ||   564
       Tailslap          |       |    20 ||    20
 Cast: Infusion          |     1 |     5 ||     6
       Shroud of Golubri |       |     5 ||     5
  Use: Scroll            |       |     7 ||     7
       Potion            |       |     4 ||     4
 Stab: Sleeping          |     1 |     3 ||     4
  Eat: Chunk             |     2 |    10 ||    12
Armor: Leather armour    |    20 |   107 ||   127
Dodge: Dodged            |    50 |   212 ||   262
